 Dungeon Crawl Stone Soup version 0.20.1-1-g8b1a95d66d (webtiles) character file.

90 Optimism the Chopper (level 4, -3/41 HPs)
             Began as a Minotaur Berserker on Nov 30, 2017.
             Was a Believer of Trog.
             Killed from afar by Optimism's ghost (10 damage)
             ... with a flame tongue
             ... on level 3 of the Dungeon.
             The game lasted 00:07:44 (1811 turns).

Optimism the Chopper (Minotaur Berserker)           Turns: 1811, Time: 00:07:44

Health: -3/41      AC:  2    Str: 22    XL:     4   Next: 32%
Magic:  3/3        EV: 12    Int:  4    God:    Trog [**....]
Gold:   114        SH:  0    Dex: 10    Spells: 3/3 levels left

rFire    . . .     SeeInvis .   a - +0 hand axe
rCold    . . .     Gourm    .   (no shield)
rNeg     . . .     Faith    .   b - +0 animal skin
rPois    .         Spirit   .   (helmet restricted)
rElec    .         Reflect  .   (no cloak)
rCorr    .         Harm     .   (no gloves)
MR       ++...                  (no boots)
Stlth    +.........             (no amulet)
Regen    1.2/turn               (no ring)
MPRegen  0.1/turn               (no ring)

@: regenerating
A: retaliatory headbutt, horns 2
a: Berserk, Trog's Hand, Burn Spellbooks, Renounce Religion


You were on level 3 of the Dungeon.
You worshipped Trog.
Trog was pleased with you.
You were not hungry.

You visited 1 branch of the dungeon, and saw 3 of its levels.

You collected 114 gold pieces.

Inventory:

Hand Weapons
 a - a +0 hand axe (weapon)
Armour
 b - a +0 animal skin (worn)
Jewellery
 m - an uncursed ring of wizardry
Scrolls
 d - a scroll of immolation {unknown}
 g - 3 scrolls of identify {unknown}
 i - 3 scrolls of amnesia {unknown}
 j - a scroll of enchant armour {unknown}
 k - 2 scrolls of remove curse {unknown}
 p - a scroll of blinking {unknown}
Potions
 e - a potion of resistance {unknown}
 h - a potion of lignification {unknown}
 l - a potion of degeneration {unknown}
 n - a potion of mutation {unknown}
Comestibles
 c - a bread ration
 f - 3 meat rations
 o - 9 chunks of flesh


   Skills:
 + Level 4.6 Fighting
 + Level 4.9 Axes
 + Level 2.7 Armour
 + Level 2.9 Dodging
 + Level 0.1 Stealth


You had 3 spell levels left.
You didn't know any spells.

Dungeon Overview and Level Annotations

Branches:
Dungeon (3/15)

Altars:
Ashenzari
Nemelex Xobeh
Ru

Annotations:
D:3 Optimism's ghost, amateur FeFE


Innate Abilities, Weirdness & Mutations

You reflexively headbutt those who attack you in melee.
You have a pair of horns on your head.


Message History

You barely miss Optimism's ghost.
Optimism's ghost is moderately damaged.
Optimism's ghost stares at you and mumbles some strange words.
The flame tongue hits you!
* * * LOW HITPOINT WARNING * * *
Your skin crawls.
You feel resistant to hostile enchantments.
You feel somewhat more hungry.
Optimism's ghost hits you but does no damage.
You miss Optimism's ghost.
Optimism's ghost is moderately damaged.
Optimism's ghost closely misses you.
You hit Optimism's ghost but do no damage.
Optimism's ghost is moderately damaged.
Optimism's ghost hits you but does no damage.
You miss Optimism's ghost.
Optimism's ghost is moderately damaged.
Optimism's ghost casts a spell at you. The flame tongue hits you!
You die...

..............###.
.####..#(##.###..#...
...$...#.##......#.#. .
#..........##..#.#.
?.#.#...%###.##..#.#.
........÷.##.#..##.#.
.#.....)...#.....#...
#.###.###.((..#.....#...
#.....)@..†..$##.. ##...
........W......#...#....
..............%# #....
.........###....# ....#
........#. ##.## # ##
........... ##.. #..
....<...... ._ ....
........#... ##.. ###


You could see Optimism's ghost.

Vanquished Creatures
  An adder (D:2)
  2 oozes
  3 worms (D:2)
  3 leopard geckos (D:2)
  3 orcs (D:3)
  4 giant cockroaches
  7 goblins
  6 hobgoblins
  2 jackals (D:3)
  10 kobolds
  A ball python (D:1)
  6 bats
  5 frilled lizards
  4 rats
57 creatures vanquished.

Notes
Turn   | Place    | Note
-------+----------+-------------------------------------------
     0 | D:1      | Optimism the Minotaur Berserker began the quest for the Orb.
     0 | D:1      | Reached XP level 1. HP: 19/19 MP: 0/0
   146 | D:1      | Reached XP level 2. HP: 23/27 MP: 1/1
   526 | D:2      | Reached ** piety under Trog
   528 | D:2      | Reached XP level 3. HP: 18/33 MP: 2/2
   754 | D:2      | Found a sparkling altar of Nemelex Xobeh.
  1008 | D:2      | Found a shattered altar of Ashenzari.
  1008 | D:2      | Found a sacrificial altar of Ru.
  1593 | D:2      | Reached XP level 4. HP: 35/41 MP: 3/3
  1796 | D:3      | Noticed Optimism's ghost (amateur FeFE)
  1797 | D:3      | Found a shattered altar of Ashenzari.
  1798 | D:3      | Reached *** piety under Trog
  1807 | D:3      | HP: 2/41 [Optimism's ghost/flame tongue (13)]
  1811 | D:3      | Killed from afar by Optimism's ghost

Skill      XL: |  1  2 |
---------------+-------+-----
Fighting       | 4 |  4.6
Axes           | 4 |  4.9
Armour         | |  2.7
Dodging        | |  2.9
Stealth        | |  0.1

Action                   |  1- 3 |  4- 6 || total
-------------------------+-------+-------++-------
Melee: Hand axe          |    84 |    36 ||   120
       Headbutt          |     7 |     5 ||    12
Invok: Trog's Hand       |       |     1 ||     1
 Stab: Sleeping          |     1 |       ||     1
  Eat: Meat ration       |       |     1 ||     1
Armor: Animal skin       |    19 |     6 ||    25
Dodge: Dodged            |    57 |    20 ||    77
